 Dungeon Crawl Stone Soup version 0.24-a0-22-g2a401c0 (webtiles) character file.

Game seed: 8928300268045263301

112 Borgoz the Skirmisher (level 4, -1/41 HPs)
             Began as a Hill Orc Abyssal Knight on Feb 1, 2019.
             Was a Follower of Lugonu.
             Slain by a gnoll
             ... wielding a +0 spear
              (10 damage)
             ... on level 3 of the Dungeon.
             The game lasted 00:02:01 (1643 turns).

Borgoz the Skirmisher (Hill Orc Abyssal Knight)     Turns: 1643, Time: 00:02:02

Health: -1/41      AC:  3    Str: 14    XL:     4   Next: 95%
Magic:  6/6        EV: 11    Int: 12    God:    Lugonu [*.....]
Gold:   106        SH:  0    Dex: 11    Spells: 3/3 levels left

rFire    . . .     SeeInvis .   a - +1 hand axe
rCold    . . .     Gourm    .   (no shield)
rNeg     . . .     Faith    .   b - +0 leather armour
rPois    .         Spirit   .   (no helmet)
rElec    .         Reflect  .   (no cloak)
rCorr    .         Harm     .   (no gloves)
MR       .....                  (no boots)
Stlth    +.........             (no amulet)
HPRegen  0.13/turn              (no ring)
MPRegen  0.10/turn              (no ring)

@: no status effects
A: no striking features
a: Depart the Abyss, Renounce Religion


You were on level 3 of the Dungeon.
You worshipped Lugonu.
Lugonu was aware of your devotion.
You were not hungry.

You visited 1 branch of the dungeon, and saw 3 of its levels.
You visited the Abyss 1 time.

You collected 106 gold pieces.

Inventory:

Hand Weapons
 a - a +1 hand axe (weapon)
Armour
 b - a +0 leather armour (worn)
Scrolls
 k - a scroll of identify {unknown}
 m - a scroll of fear {unknown}
 o - a scroll of blinking {unknown}
 p - 4 scrolls of teleportation {unknown}
Potions
 d - a potion of lignification {unknown}
 e - 2 potions of invisibility {unknown}
 f - 2 potions of flight {unknown}
 g - 2 potions of heal wounds {unknown}
 h - a potion of berserk rage {unknown}
 i - a potion of resistance {unknown}
 j - a potion of curing {unknown}
 l - a potion of agility {unknown}
Comestibles
 c - 5 rations
 n - a chunk of flesh


   Skills:
 * Level 4.5 Fighting
 * Level 4.0 Axes
 * Level 3.3 Armour
 + Level 1.3 Dodging
 + Level 3.1 Invocations


You had 3 spell levels left.
You didn't know any spells.
Your spell library was empty.

Dungeon Overview and Level Annotations

Branches:
Dungeon (3/15)

Altars:
Ashenzari
Ru


Message History

You hit the gnoll.
The gnoll is heavily wounded.
You closely miss the gnoll. The gnoll hits you. The gnoll misses you.
The gnoll hits you from afar with a +0 spear!
You hit the gnoll.
The gnoll is almost dead.
You hit the gnoll but do no damage. The gnoll hits you but does no damage.
The gnoll barely misses you.
The gnoll hits you from afar with a +0 spear.
You hit the gnoll.
You kill the gnoll!
Lugonu accepts your kill.
You barely miss the gnoll. The gnoll closely misses you.
The gnoll barely misses you. The gnoll completely misses you.
The gnoll hits you but does no damage. The gnoll barely misses you.
You closely miss the gnoll. You completely miss the gnoll. You hit the gnoll.
The gnoll hits you with a +0 halberd!
* * * LOW HITPOINT WARNING * * *
The gnoll hits you but does no damage. The gnoll hits you with a +0 spear!
You die...

###.# .... .# ...<
.. #..# .##.##..# #
.....>.# .# #
#.##.##gg###.#.# #
#.#....g@...%...
#.#.##...........#
#.#.##..#.........
#..............###
#..........###.###.#
#..........###.....
#....)..............
#..................#
#.......##.........#


You could see 3 gnolls.

Vanquished Creatures
  An iguana (D:3)
  A gnoll (D:3)
  3 adders (D:2)
  An ooze (D:2)
  2 dart slugs
  3 leopard geckos
  5 orcs
  A giant cockroach (D:1)
  3 goblins
  A quokka (D:2)
  A ball python (D:2)
  5 bats
  3 frilled lizards
  4 kobolds
  8 rats
42 creatures vanquished.

Notes
Turn   | Place    | Note
-------+----------+-------------------------------------------
     0 | Abyss:1  | Borgoz the Hill Orc Abyssal Knight began the quest for the
                  | Orb.
     0 | Abyss:1  | Reached XP level 1. HP: 19/19 MP: 2/2
    45 | Abyss:1  | Noticed a small abomination
    46 | D:1      | Escaped the Abyss
   275 | D:1      | Reached * piety under Lugonu
   294 | D:1      | Reached XP level 2. HP: 17/27 MP: 3/3
   804 | D:2      | Reached skill level 1 in Dodging
   804 | D:2      | Reached XP level 3. HP: 21/33 MP: 3/5
  1344 | D:2      | Reached XP level 4. HP: 40/40 MP: 6/6
  1439 | D:2      | Found a sacrificial altar of Ru.
  1541 | D:3      | Found a shattered altar of Ashenzari.
  1643 | D:3      | Slain by a gnoll

Vault maps used:
D:1:      ncdulo_watergridlock
D:2:      nicolae_ru_the_path_less_chosen
D:3:      ashenzari_altar_1, okawaru_altar_gauntlet_db

Skill      XL: |  1  2  3  4 |
---------------+-------------+-----
Axes           | 3 4 |  4.0
Fighting       | 4 |  4.5
Dodging        | 1 |  1.3
Armour         | 3 |  3.3
Invocations    | 3 |  3.1

Action                   |  1- 3 |  4- 6 || total
-------------------------+-------+-------++-------
Melee: Hand axe          |    83 |    35 ||   118
Invok: Depart the Abyss  |     1 |       ||     1
  Eat: Chunk             |     1 |     1 ||     2
Armor: Leather armour    |    28 |     9 ||    37
Dodge: Dodged            |    52 |    23 ||    75

Table legend:
 A = Non-vault XP
 B = Vault XP
 C = Vault XP percentage of total XP
 D = Non-vault monster count
 E = Vault monster count
 F = Vault count percentage of total count
                 A         B        C        D         E       F
            +---------+---------+-------+---------+---------+-------
      Total |     161 |       0 |   0.0 |      42 |       0 |   0.0
            +---------+---------+-------+---------+---------+-------
        D:1 |      24 |       0 |   0.0 |      16 |       0 |   0.0
        D:2 |      80 |       0 |   0.0 |      21 |       0 |   0.0
        D:3 |      57 |       0 |   0.0 |       5 |       0 |   0.0
            +---------+---------+-------+---------+---------+-------
